 Dungeon Crawl Stone Soup version 0.28.0-53-g5a82cb258f (webtiles) character file.

Game seed: 14242092499265754403

89 ILmort the Skirmisher (level 4, -2/41 HPs)
             Began as a Minotaur Fighter on Aug 20, 2022.
             Succumbed to a kobold's poison
             ... on level 3 of the Dungeon.
             The game lasted 00:04:28 (2037 turns).

ILmort the Skirmisher (Minotaur Fighter)            Turns: 2037, Time: 00:04:29

Health: -2/41      AC:  7    Str: 20 (22) XL:     4   Next: 31%
Magic:  3/3        EV:  9    Int:  2 (5)  God:
Gold:   56         SH:  4    Dex:  8 (10) Spells: 3/3 levels left

rFire   . . .      SeeInvis .   a - +0 war axe
rCold   . . .      Faith    .   c - +0 buckler
rNeg    . . .      Spirit   .   b - +0 scale mail
rPois   .          Reflect  .   (helmet restricted)
rElec   .          Harm     .   (no cloak)
rCorr   .          Rampage  .   (no gloves)
Will    .....                   (no boots)
Stlth   ..........              (no amulet)
HPRegen 0.13/turn               (no ring)
MPRegen 0.08/turn               (no ring)

@: mighty, brilliant, lethally poisoned (-2 -> -29)
A: horns 2, retaliatory headbutt
a: no special abilities


You were on level 3 of the Dungeon.
You visited 1 branch of the dungeon, and saw 3 of its levels.

You collected 56 gold pieces.

Inventory:

Hand Weapons
 a - a +0 war axe (weapon)
Armour
 b - a +0 scale mail (worn)
 c - a +0 buckler (worn)
Jewellery
 h - a ring of ice
Scrolls
 e - a scroll of blinking {unknown}
 f - a scroll of fear {unknown}
 i - a scroll of enchant armour {unknown}
 j - a scroll of noise {unknown}
 l - a scroll of enchant weapon {unknown}
Potions
 m - a potion of cancellation {unknown}
 n - a potion of heal wounds {unknown}


   Skills:
 + Level 4.9 Fighting
 + Level 4.1 Axes
 - Level 3.8 Armour
 - Level 3.8 Shields


You had 3 spell levels left.
You didn't know any spells.
Your spell library contained the following spells:

 Spells                   Type           Power      Damage    Failure   Level
 Summon Guardian Golem    Hex/Summ       0%         N/A       100%        3
 Orb of Destruction       Conj           0%         9d5       100%        7
 Spellforged Servitor     Conj/Summ      0%         N/A       100%        7


Dungeon Overview and Level Annotations

Branches:
Dungeon (3/15)

Altars:


Innate Abilities, Weirdness & Mutations

You have a pair of horns on your head.
You reflexively headbutt those who attack you in melee.


Message History

You are poisoned.
You closely miss the kobold.
You feel very sick. You block the kobold's attack.
You closely miss the kobold. Your headbutt misses the kobold.
You feel sick.
The kobold hits you with a +1 dagger of venom.
You are more poisoned.
The kobold hits you but does no damage.
You are more poisoned.
You are too injured to fight recklessly!
You are too injured to fight recklessly!
You are too injured to fight recklessly!
A kobold is nearby!
Here: a kobold, wielding a +1 dagger of venom and quivering stones The floor.
Unknown command.
Unknown command.
You feel very mighty all of a sudden.
You feel very sick. The kobold closely misses you.
You barely miss the kobold. Your headbutt misses the kobold.
You feel very sick.
The kobold hits you with a +1 dagger of venom.
You are lethally poisoned!
You miss the kobold. Your headbutt misses the kobold.
* * * LOW HITPOINT WARNING * * *
You feel extremely sick.
The kobold hits you with a +1 dagger of venom.
* * * LOW HITPOINT WARNING * * *
You are more poisoned.
It was a potion of degeneration.
There was something very wrong with that liquid.
You feel weakened.
You feel dopey.
You feel clumsy.
* * * LOW HITPOINT WARNING * * *
You feel very sick. The kobold hits you but does no damage.
You are more poisoned.
It was a potion of brilliance.
You feel clever all of a sudden.
You die...

### #.. #.. (.. ..
##..## #.##
#...#.....
#..######...#..#.#
#.... ...........#
#.K#####.........#
###@..........##...#
#...................
#.#................#
#.#..#####....#.#..#
#.#.... ........#..#
#.#.#######.....#..#
#.#.. .............
#.### ###....†....
#.# #.........


You could see a kobold.

Vanquished Creatures
  A hound skeleton (D:3)
  An adder (D:2)
  3 worms (D:2)
  3 bats
  2 endoplasms
  4 giant cockroaches
  7 goblins
  6 hobgoblins
  2 jackals (D:1)
  3 quokkas
  9 ball pythons
  2 frilled lizards (D:1)
  7 kobolds
  5 rats
55 creatures vanquished.

Vanquished Creatures (others)
  3 plants (D:1)
3 creatures vanquished.

Grand Total: 58 creatures vanquished

Notes
Turn   | Place    | Note
-------+----------+-------------------------------------------
     0 | D:1      | ILmort the Minotaur Fighter began the quest for the Orb.
     0 | D:1      | Reached XP level 1. HP: 19/19 MP: 0/0
   114 | D:1      | Reached XP level 2. HP: 27/27 MP: 1/1
   467 | D:1      | Reached XP level 3. HP: 33/33 MP: 2/2
  1418 | D:2      | Reached XP level 4. HP: 41/41 MP: 3/3
  1463 | D:2      | Found a faded altar of an unknown god.
  2037 | D:3      | Succumbed to a kobold's poison

Illustrated notes

Levels and vault maps discovered:
D:1:      minmay_arrival_plants_in_alcoves, layout_basic, serial_forest,
          infiniplex_forest_end_2, infiniplex_forest_corner_2,
          infiniplex_forest_corner_1, infiniplex_forest_side_room,
          infiniplex_forest_diagonal, infiniplex_forest_end_3
D:2:      layout_loops_ring, dreamdust_ecumenical_altar_angels_and_demons
D:3:      layout_basic, grunt_temple_overflow_open, wad_rectangle_vault

Skill      XL: |  1  2  3  4 |
---------------+-------------+-----
Fighting       | 4 |  4.9
Axes           | 3 4 |  4.1
Armour         | |  3.8
Shields        | |  3.8

Action                   |  1- 3 |  4- 6 || total
-------------------------+-------+-------++-------
Melee: War axe           |   104 |    22 ||   126
       Headbutt          |    10 |     4 ||    14
  Use: Potion            |       |     3 ||     3
Armor: Scale mail        |    45 |    12 ||    57
Dodge: Dodged            |    41 |     9 ||    50
Block: Buckler           |    20 |     3 ||    23
